 Dungeon Crawl Stone Soup version 0.26.0-10-g1f06aea511 (webtiles) character file.

Game seed: 6929627143945789523

36 Dani the Skirmisher (level 3, 29/29 HPs)
             Began as a Demonspawn Fighter on Jan 16, 2021.
             Was an Initiate of Gozag.
             Quit the game on level 2 of the Dungeon.
             The game lasted 00:01:26 (1068 turns).

Dani the Skirmisher (Demonspawn Fighter)            Turns: 1068, Time: 00:01:26

Health: 29/29      AC:  6    Str: 17    XL:     3   Next: 19%
Magic:  3/3        EV:  7    Int:  9    God:    Gozag
Gold:   95         SH:  9    Dex: 12    Spells: 2/2 levels left

rFire    . . .     SeeInvis .   a - +0 war axe
rCold    . . .     Faith    .   c - +0 kite shield
rNeg     . . .     Spirit   .   b - +0 scale mail
rPois    .         Reflect  .   (no helmet)
rElec    .         Harm     .   (no cloak)
rCorr    .         Rampage  .   (no gloves)
Will     .....                  (no boots)
Stlth    ..........             (no amulet)
HPRegen  0.09/turn              (no ring)
MPRegen  0.08/turn              (no ring)

@: gold aura
A: demonic guardian 1, sanguine armour 1
a: Renounce Religion, Potion Petition, Call Merchant, Bribe Branch


You were on level 2 of the Dungeon.
You worshipped Gozag.
Gozag was noncommittal.
You visited 1 branch of the dungeon, and saw 2 of its levels.

You collected 126 gold pieces.
You paid 31 gold pieces to Gozag.

Inventory:

Hand Weapons
 a - a +0 war axe (weapon)
Armour
 b - a +0 scale mail (worn)
 c - a +0 kite shield (worn)
Jewellery
 j - an uncursed ring of willpower {unknown}
Scrolls
 e - 5 scrolls of identify {unknown}
 g - a scroll of immolation {unknown}
 i - a scroll of enchant armour {unknown}
 k - 4 scrolls of amnesia {unknown}
 l - 2 scrolls of magic mapping {unknown}
 n - a scroll of remove curse {unknown}
Potions
 d - a potion of might
 f - a potion of cancellation {unknown}
 h - a potion of ambrosia {unknown}
 m - a potion of degeneration {unknown}


   Skills:
 + Level 3.3 Fighting
 * Level 2.7 Axes
 - Level 2.6 Armour
 + Level 3.0 Shields


You had 2 spell levels left.
You didn't know any spells.
Your spell library was empty.

Dungeon Overview and Level Annotations

Branches:
Dungeon (2/15)

Altars:
Gozag


Innate Abilities, Weirdness & Mutations

A weak demonic guardian rushes to your aid.
When seriously injured, your bleeding wounds create armour. (AC +0)


Message History

You now have 95 gold pieces (gained 8).
Found 2 atropa-tipped darts.
No target in view!
An adder comes into view.
The adder hisses angrily.
You barely miss the adder. The adder barely misses you.
You block the adder's attack.
An adder is nearby!
You hit the adder.
The adder is heavily wounded.
The adder barely misses you. You block the adder's attack.
An adder is nearby!
You slash the adder!
You kill the adder!
You have reached level 3!
Your experience leads to an increase in your attributes!
Increase (S)trength, (I)ntelligence, or (D)exterity?
You feel stronger.
Your demonic ancestry asserts itself...
You feel the presence of a demonic guardian.
Are you sure you want to abandon this character and quit the game? (Confirm with "yes".)

.. ... #.# .. #
#.#(. #.#### #.#...
#.$@.# ...... #..#.#
#.##.# +..#.###.##.#
# #........##.# #. #
#.##.#.#.##.#####.##
#. #.#.#.##.........
#. #.#.#.##.###.....
#..#.....#.........#
..................#


There were no monsters in sight!

Vanquished Creatures
  An adder (D:2)
  A leopard gecko (D:1)
  9 bats
  A giant cockroach (D:1)
  3 goblins (D:1)
  3 hobgoblins
  A ball python (D:1)
  A frilled lizard (D:1)
  4 kobolds
  2 rats (D:1)
26 creatures vanquished.

Notes
Turn   | Place    | Note
-------+----------+-------------------------------------------
     0 | D:1      | Dani the Demonspawn Fighter began the quest for the Orb.
     0 | D:1      | Reached XP level 1. HP: 18/18 MP: 1/1
   125 | D:1      | Gained mutation: When seriously injured, your bleeding
                  | wounds create armour. (AC +0) [demonic ancestry]
   125 | D:1      | Reached XP level 2. HP: 21/24 MP: 2/2
   915 | D:2      | Found an opulent altar of Gozag.
   920 | D:2      | Became a worshipper of Gozag Ym Sagoz the Greedy
  1068 | D:2      | Gained mutation: A weak demonic guardian rushes to your
                  | aid. [demonic ancestry]
  1068 | D:2      | Reached XP level 3. HP: 29/29 MP: 3/3
  1068 | D:2      | Quit the game

Illustrated notes

Levels and vault maps discovered:
D:1:      dpeg_arrival_shrine, layout_basic, dk_noncrumbling_2
D:2:      layout_basic, grunt_gozag_breadcrumbs, grunt_qazlal_sundering,
          kennysheep_minor_cross

Skill      XL: |  1  2 |
---------------+-------+-----
Axes           | 2 |  2.7
Shields        | 3 |  3.0
Fighting       | |  3.3
Armour         | |  2.6

Action                   || total
-------------------------++-------
Melee: War axe           ||    86
Armor: Scale mail        ||    54
Dodge: Dodged            ||    46
Block: Kite shield       ||    66
